Map: Oxide LE

Players

Raza - Winner!

  • Race: Terran Terran

Probe

  • Race: Protoss Protoss

Event: DreamHack SC2 Masters 2021 Winter

VOD

Have the link to the VOD?

Description

Time

  • Played on: Sept. 29, 2021, 6:58 a.m.
  • Length: 11:29

All games in this series

Show
View Real Time Build Order
Export as new Build Order

Raza Terran - Winner!

Build Orders: 1/1/1 

Get SALT Encoding   

  12  0:00  SCV  
  13  0:12  SCV  
  14  0:17  Supply Depot  
  14  0:24  SCV  
  14  0:27  Refinery  
  15  0:38  SCV  
  16  0:44  Barracks  
  16  0:50  SCV  
  17  1:03  SCV  
  18  1:13  Engineering Bay  
  18  1:15  SCV  
  19  1:32  Marine, Orbital Command  
  20  1:39  Factory  
  20  1:49  Refinery  
  20  1:52  Barracks Reactor  
  20  1:57  Supply Depot  
  20  2:01  SCV  
  21  2:13  SCV  
  22  2:26  Starport, SCV  
  23  2:32  Supply Depot  
  23  2:34  Widow Mine x2  
  27  2:38  SCV  
  28  2:50  SCV  
  29  2:55  Widow Mine x2  
  33  3:03  Medivac  
  35  3:06  Supply Depot  
  35  3:08  SCV  
  36  3:15  Armory  
  36  3:21  Widow Mine  
  39  3:28  Widow Mine  
  40  3:39  Command Center  
  40  3:44  Medivac  
  42  3:49  Widow Mine  
  42  3:52  Widow Mine  
  46  3:56  Barracks Tech Lab  
  46  4:01  Supply Depot  
  46  4:03  SCV  
  47  4:22  SCV  
  47  4:23  Barracks  
  44  4:32  Siege Tank, Marine x2  
  44  4:37  Viking  
  49  4:41  SCV  
  48  4:53  SCV, Orbital Command  
  48  4:55  Marine  
  48  4:58  Marine  
  51  5:13  Marine  
  51  5:14  SCV  
  54  5:18  SCV  
  54  5:21  Siege Tank, Marine  
  52  5:22  Barracks Tech Lab  
  52  5:26  SCV  
  57  5:29  Medivac  
  57  5:31  Marine  
  57  5:32  SCV  
  61  5:37  Supply Depot  
  61  5:41  Stimpack  
  60  5:47  SCV, Barracks  
  60  5:49  SCV  
  61  5:55  Supply Depot  
  61  6:01  Marine x2  
  61  6:02  SCV  
  61  6:03  Siege Tank  
  61  6:04  Marine  
  67  6:07  SCV  
  69  6:14  SCV  
  70  6:19  SCV, Refinery, Engineering Bay, Marine  
  70  6:20  Medivac  
  70  6:21  Marine  
  70  6:22  Marine  
  76  6:30  SCV  
  76  6:31  SCV  
  78  6:35  Refinery  
  78  6:36  Marine  
  78  6:39  Marine  
  80  6:42  SCV  
  80  6:43  SCV  
  80  6:46  Marine  
  83  6:47  Supply Depot  
  83  6:49  Terran Infantry Weapons Level 1, Factory Reactor, Marine  
  84  6:54  SCV, Marine  
  84  6:58  Supply Depot  
  86  7:09  SCV x2, Marine x2  
  86  7:12  Marauder  
  90  7:15  Bunker  
  90  7:17  Combat Shield, Marine  
  90  7:18  Supply Depot, Starport Reactor  
  90  7:21  SCV x2  
  93  7:23  Missile Turret  
  93  7:27  Supply Depot  
  93  7:31  Concussive Shells  
  93  7:33  Marauder  
  93  7:35  Marauder, Marine  
  94  7:38  Widow Mine  
  94  7:40  Widow Mine  
  94  7:43  Marine  
  99  7:46  Supply Depot  
  99  7:54  Marauder  
  99  7:56  Medivac, Marine  
  99  7:57  Marauder  
  99  7:58  Medivac  
  108  8:01  Widow Mine  
  108  8:03  Widow Mine  
  111  8:06  Supply Depot  
  111  8:08  Marine  
  112  8:13  Supply Depot  
  112  8:16  Marauder  
  114  8:33  Marine  
  114  8:34  Marauder  
  117  8:35  Widow Mine x2  
  117  8:36  Liberator  
  117  8:39  Marine  
  125  8:47  Marauder  
  125  8:55  Marine  
  123  8:56  Widow Mine  
  123  8:57  Widow Mine  
  127  9:03  Marine  
  126  9:14  Marauder, Marine x2  
  127  9:18  Widow Mine  
  127  9:22  Missile Turret  
  129  9:25  Marine  
  130  9:36  Liberator  
  133  9:39  Liberator  
  134  9:45  Widow Mine  
  123  9:53  Widow Mine  
  103  10:07  Widow Mine  
  103  10:13  Marine  
  103  10:14  Marauder  
  99  10:15  Widow Mine  
  95  10:28  Widow Mine  
  95  10:36  Widow Mine  
  95  10:37  Liberator, Marine x2  
  95  10:38  Marauder  
  100  10:45  Marine  
  100  10:49  Widow Mine  
  102  10:55  Marine  
  91  10:58  Widow Mine  
  91  10:59  Marauder  
  91  11:02  Marine  
  91  11:03  Marine  
Show
View Real Time Build Order
Export as new Build Order

Probe Protoss 

Build Orders:  

Get SALT Encoding   

  12  0:00  Probe  
  13  0:12  Probe  
  14  0:17  Pylon  
  14  0:25  Probe (Chrono Boost)  
  15  0:37  Probe (Chrono Boost)  
  15  0:41  Gateway  
  16  0:44  Probe (Chrono Boost)  
  16  0:48  Assimilator  
  17  0:51  Probe  
  18  1:03  Probe  
  19  1:15  Probe  
  20  1:24  Assimilator  
  20  1:25  Pylon  
  20  1:27  Probe  
  20  1:30  Zealot, Cybernetics Core  
  23  1:43  Probe  
  24  1:55  Probe  
  25  2:05  Stalker (Chrono Boost)  
  25  2:07  Warp Gate  
  25  2:08  Probe  
  28  2:11  Pylon  
  28  2:20  Probe  
  29  2:24  Pylon  
  29  2:27  Stalker  
  31  2:32  Probe  
  33  2:44  Probe  
  33  2:46  Nexus  
  33  2:56  Probe  
  34  3:00  Sentry  
  34  3:02  Shield Battery  
  36  3:11  Robotics Facility  
  36  3:13  Probe  
  36  3:21  Shield Battery  
  36  3:25  Gateway  
  36  3:28  Probe  
  37  3:40  Probe (Chrono Boost)  
  38  3:52  Probe (Chrono Boost)  
  38  3:55  Stalker  
  41  3:59  Observer (Chrono Boost), Probe (Chrono Boost)  
  41  4:01  Twilight Council, Probe (Chrono Boost)  
  46  4:10  Probe (Chrono Boost)  
  46  4:11  Probe (Chrono Boost)  
  46  4:15  Probe (Chrono Boost)  
  44  4:18  Probe  
  44  4:27  Probe  
  44  4:29  Stalker  
  44  4:30  Probe  
  49  4:31  Observer  
  49  4:34  Stalker  
  51  4:40  Probe  
  51  4:42  Probe  
  52  4:52  Probe  
  53  4:55  Probe  
  54  5:04  Probe  
  54  5:07  Stalker x2  
  54  5:08  Observer, Probe  
  58  5:16  Probe  
  58  5:19  Observer (Chrono Boost)  
  58  5:20  Probe  
  57  5:28  Probe  
  58  5:32  Probe  
  59  5:40  Probe  
  60  5:49  Observer  
  60  5:50  Pylon  
  60  5:51  Pylon  
  60  5:57  Nexus  
  60  5:58  Charge (Chrono Boost)  
  60  6:00  Probe x2  
  62  6:05  Gateway  
  62  6:09  Immortal, Gateway  
  62  6:18  Assimilator  
  66  6:29  Gateway  
  66  6:30  Gateway, Sentry  
  68  6:32  Zealot  
  68  6:33  Probe  
  71  6:45  Gateway, Pylon  
  71  6:47  Gateway  
  71  6:53  Zealot x2, Observer  
  75  6:57  Pylon  
  75  7:01  Pylon  
  75  7:05  Pylon  
  75  7:09  Observer (Chrono Boost)  
  75  7:10  Probe  
  69  7:17  Zealot x4  
  77  7:24  Probe  
  77  7:26  Forge  
  77  7:27  Immortal (Chrono Boost), Probe  
  77  7:29  Phoenix  
  83  7:35  Sentry  
  83  7:36  Probe  
  86  7:45  Nexus  
  86  7:52  Templar Archives  
  86  7:54  Protoss Ground Armor Level 1 (Chrono Boost)  
  85  8:00  Observer  
  85  8:03  Zealot x3  
  85  8:05  Probe  
  93  8:15  Probe  
  93  8:16  Pylon  
  93  8:17  Probe  
  95  8:22  Psionic Storm  
  95  8:26  Zealot  
  95  8:27  Zealot x2  
  99  8:29  Pylon  
  99  8:31  Pylon  
  99  8:36  High Templar  
  101  8:46  High Templar  
  101  8:47  Observer, Zealot x3  
  95  8:59  Zealot, Sentry  
  95  9:00  Zealot  
  95  9:02  Shield Battery  
  101  9:05  Shield Battery  
  101  9:13  Zealot x4  
  109  9:22  Pylon  
  109  9:23  High Templar  
  104  9:42  Zealot x6  
  105  9:55  Zealot x2  
  109  10:00  Observer x2  
  81  10:10  Zealot, High Templar x2  
  81  10:11  Zealot x3  
  83  10:14  Archon  
  71  10:26  Zealot x2  
  71  10:33  Immortal  
  75  10:37  Zealot x3  
  81  10:45  Shield Battery  
  81  10:48  High Templar x2  
  81  10:56  Archon  
  60  10:57  Archon  
  41  11:05  Stalker x2  

Tags
 
Add a new tag
Caveats
  • Supply blocks, unpowered buildings, or Contaminate may cause inaccurate times.
  • Supply counts are checked every 10 seconds.